Cogmind - Beta 10.2 @@@ ROGUE MODE // 2021.07.16 @ 19:45:21 Player: Demise Result: Destroyed by G-50 Soldier with Heavy Laser Performance ------------- Evolutions (4) 2000 Regions Visited (9) 1800 Robots Destroyed (151) 755 Value Destroyed (4126) 4126 Prototype IDs (24) 480 Alien Tech Used (0) 0 Bonus (1289) 1289 TOTAL SCORE: 10450 Bonus ------- High Alert Combat Kills 702 Follower Combat Kills 409 Entered Garrisons 200 Friendly Fire -22 Cogmind --------- Core Integrity 0/850 Matter 82/300 Energy 99/100 System Corruption 0% Temperature Cool (18) Movement Core (50) Location -6/Factory Parts ------- > --- POWER (1) -------- (None) > --- PROPULSION (2) --- (None) > --- UTILITY (10) ----- Advanced Signal Interpreter Hacking Suite Hacking Suite Improved Hacking Suite > --- WEAPON (2) ------- (None) > --- INVENTORY (4) ---- Matter Compressor (237) Medium Reactive Plating Heavy Plasma Cannon Improved Datajack Peak State ------------ > --- POWER ------------ Light Angular Momentum Engine > --- PROPULSION ------- Combat Airjet Combat Airjet > --- UTILITY ---------- Improved Heat Sink Large Storage Unit Large Storage Unit Advanced Signal Interpreter Improved Medium Armor Plating Insulated Plating Insulated Plating Hacking Suite Hacking Suite Hacking Suite > --- WEAPON ----------- Magnetic Acceleration Cannon Magnetic Acceleration Cannon > --- INVENTORY -------- Large Storage Unit Matter Compressor Salvage Targeting Computer System Backup Module Long-range Tractor Beam Light EM Pulse Cannon Heavy Plasma Cannon Heavy Plasma Cannon Coil Gun Heavy Missile Launcher Heavy Missile Launcher Improved Datajack Katana [Rating: 56] Favorites ----------- Power Light Angular Momentum Engine Engine Light Angular Momentum Engine Power Core Light Nuclear Core Propulsion Light Treads Treads Light Treads Hover Unit Combat Airjet Flight Unit Improved Flight Unit Utility Large Storage Unit Device Improved Heat Sink Storage Large Storage Unit Processor Advanced Signal Interpreter Hackware Hacking Suite Protection Weapon Shielding Weapon Flak Gun Energy Gun EM Pulse Gun Energy Cannon Heavy Plasma Cannon Ballistic Gun Flak Gun Ballistic Cannon Magnetic Acceleration Cannon Launcher Heavy Missile Launcher Special Weapon Mining Laser Slashing Weapon Katana Special Melee Weapon Improved Datajack Build | -11 -10 -10 -10 -9 -8 -8 -8 -8 -6 ------- Run | Scr Mat Min Exi Min Mat Sto Gar Rec Fac Slots Evolved 8 | . . . . . 4 . . . 4 Power . | . . . . . . . . . . Propulsion . | . . . . . . . . . . Utility 8 | . . . . . 4 . . . 4 Weapon . | . . . . . . . . . . Parts Attached 163 | 5 38 . 1 10 47 4 23 . 35 Power 13 | 1 4 . . 2 1 . 3 . 2 Engine 10 | 1 4 . . 1 1 . 1 . 2 Core 3 | . . . . 1 . . 2 . . Reactor . | . . . . . . . . . . Propulsion 30 | 2 6 . . 1 11 . 5 . 5 Treads 24 | 2 6 . . 1 10 . 5 . . Leg . | . . . . . . . . . . Wheel . | . . . . . . . . . . Hover 5 | . . . . . . . . . 5 Flight 1 | . . . . . 1 . . . . Utility 47 | . 9 . . . 16 . 5 . 17 Device 4 | . . . . . 1 . 1 . 2 Storage 6 | . 4 . . . 1 . 1 . . Processor 3 | . 2 . . . . . . . 1 Hackware 7 | . . . . . . . . . 7 Protection 27 | . 3 . . . 14 . 3 . 7 Artifact . | . . . . . . . . . . Weapon 73 | 2 19 . 1 7 19 4 10 . 11 Energy Gun 2 | . 2 . . . . . . . . Energy Cannon 3 | . . . . . . . 1 . 2 Ballistic Gun 38 | 2 11 . . 6 13 1 4 . 1 Ballistic Cannon 2 | . . . . . . . 1 . 1 Launcher 9 | . 1 . . 1 2 2 1 . 2 Special Weapon 4 | . 4 . . . . . . . . Impact Weapon . | . . . . . . . . . . Slashing Weapon 10 | . . . . . 4 . 2 . 4 Piercing Weapon . | . . . . . . . . . . Special Melee Weapon 5 | . 1 . 1 . . 1 1 . 1 Unidentified Prototypes 1 | . . . . . 1 . . . . Parts Lost 28 | . . . . . . . 4 . 24 Power 4 | . . . . . . . 1 . 3 Propulsion 7 | . . . . . . . 2 . 5 Utility 14 | . . . . . . . 1 . 13 Weapon 3 | . . . . . . . . . 3 Highest Loss Streak 8 | . . . . . . . 3 . 8 Average Slot Usage (%) 93 | . 96 100 100 100 89 90 98 100 77 Engine 9 | . 14 14 14 10 9 9 4 . 2 Core 1 | . . . . 3 . . 4 9 2 Treads 20 | . 27 28 28 28 17 18 17 18 4 Device 1 | . . . . . . . 3 9 7 Storage 21 | . 18 28 28 28 18 27 27 27 13 Protection 14 | . 4 . . . 26 18 21 18 10 Ballistic Gun 17 | . 22 28 15 27 16 17 9 9 1 Naked Turns . | . . . . . . . . . . Heaviest Build 103 | 6 57 56 56 62 96 99 99 90 103 Greatest Support 44 | 3 40 40 40 40 42 42 42 40 44 Greatest Overweight (x) 5 | 1 2 1 1 1 2 2 4 2 5 Average Overweight (x) 1 | . . 1 1 1 1 2 1 2 1 Largest Inventory Capacity 24 | 4 18 18 18 18 24 24 24 24 24 Average Capacity 18 | 4 13 18 18 18 18 24 24 24 17 Most Carried 24 | 4 18 18 18 18 21 24 24 24 24 Average Carried 17 | 3 11 18 18 17 17 22 23 23 15 Final Capacity 24 | 4 18 18 18 18 24 24 24 24 4 Final Carried 24 | 4 18 18 18 18 20 24 24 24 4 Class Distribution -------------------- 61% | Mutant 26% | Scavenger-Mutant 9% | Hauler-Mutant Dominant Class ---------------- Mutant | -10/Materials Mutant | -10/Mines Mutant | -10/Exiles Mutant | -9/Mines Mutant | -8/Materials Hauler-Mutant | -8/Storage Scavenger-Mutant | -8/Garrison Scavenger-Mutant | -8/Recycling Scavenger-Mutant | -6/Factory Resources | -11 -10 -10 -10 -9 -8 -8 -8 -8 -6 ----------- Run | Scr Mat Min Exi Min Mat Sto Gar Rec Fac Matter Collected 4060 | 378 939 13 . 198 1209 268 526 . 529 Remotely . | . . . . . . . . . . Salvage Created 5229 | 216 940 25 . 189 2185 586 749 . 339 Parts 313 | 21 61 . . 14 129 33 36 . 19 Haulers Intercepted 8 | . 2 . . . 5 . . . 1 Recyclers Shooed 4 | . 3 . . . . 1 . . . Parts Field Recycled . | . . . . . . . . . . Retrieved Matter . | . . . . . . . . . . Parts Self-Destructed . | . . . . . . . . . . Prevented . | . . . . . . . . . . Kills | -11 -10 -10 -10 -9 -8 -8 -8 -8 -6 ------- Run | Scr Mat Min Exi Min Mat Sto Gar Rec Fac Combat Hostiles Destroyed 105 | . 15 . . 10 38 16 13 . 13 Melee 3 | . . . . . . . . . 3 Guns 76 | . 14 . . 8 35 9 9 . 1 Cannons 7 | . . . . . . . 2 . 5 AOE 19 | . 1 . . 2 3 7 2 . 4 Classes Destroyed 16 | 3 7 . . 1 2 . 1 . 2 Worker 12 | 2 5 1 . 2 . 2 . . . Builder 5 | . 2 . . . . 3 . . . Tunneler 6 | 4 1 . . . . . . . 1 Hauler 8 | . 2 . . . 5 . . . 1 Recycler 4 | 1 2 . . . 1 . . . . Mechanic 2 | . 1 . . . 1 . . . . Operator 5 | . 3 . . . 1 . . . 1 Watcher 8 | . 3 . . . 4 1 . . . Swarmer 31 | . 6 . . 7 6 5 . . 7 Grunt 47 | . 9 . . 1 20 8 8 . 1 Duelist 1 | . . . . . . . 1 . . Sentry 19 | . . . . . 11 3 4 . 1 Demolisher 1 | . . . . . . . . . 1 Hunter 1 | . . . . . 1 . . . . Behemoth 1 | . . . . . . . . . 1 Assembled 4 | . . . . 2 . . . . 2 Best Kill Streak 9 | 5 4 1 . 4 6 9 4 . 5 Combat Bots Only 6 | . 3 . . 4 4 6 4 . 4 Max Kills in Single Turn 5 | 1 1 1 . 1 3 5 2 . 3 Gunslinging . | . . . . . . . . . . Exploded 3 | . 1 . . 1 3 3 2 . 2 Melee 1 | . . . . . . . . . 1 Uniques/NPCs Destroyed . | . . . . . . . . . . Combat | -11 -10 -10 -10 -9 -8 -8 -8 -8 -6 -------- Run | Scr Mat Min Exi Min Mat Sto Gar Rec Fac Damage Taken 6941 | . 433 . . 200 1329 393 1277 . 3309 Core 1263 | . 48 . . 34 116 47 154 . 864 Absorbed by Shields 20 | . . . . . . . 20 . . Core Remaining (%) 69 | 100 . . . 67 . . . 42 . Volleys Fired 363 | 20 122 5 . 24 96 27 43 . 26 Largest 2 | 2 2 2 . 2 2 2 2 . 2 Hottest 120 | 40 120 40 . 40 51 51 118 . 106 Shots Fired 642 | 40 199 9 . 46 187 49 67 . 45 Gun 558 | 40 178 9 . 44 185 44 48 . 10 Cannon 44 | . . . . . . . 13 . 31 Launcher 21 | . 2 . . 2 2 5 6 . 4 Special 19 | . 19 . . . . . . . . Kinetic 568 | 40 155 9 . 44 185 44 52 . 39 Thermal 30 | . 19 . . . . . 9 . 2 Explosive 21 | . 2 . . 2 2 5 6 . 4 Electromagnetic 23 | . 23 . . . . . . . . Robot Hit Streak 11 | 6 6 7 . 5 7 10 11 . 10 Robot Miss Streak 7 | 4 3 1 . 4 7 6 2 . 4 Penetration Max . | . . . . . . . . . . Secondary Targets . | . . . . . . . . . . Shots Hit Robots 251 | 19 109 6 4 20 16 8 35 . 34 Core Hits 371 | 8 49 2 . 19 162 54 46 . 31 Critical Hits 3 | . 1 . . 1 1 . . . . Critical Kills 3 | . 1 . . 1 1 . . . . Critical Parts Destroyed . | . . . . . . . . . . Melee Attacks 71 | . 1 . 4 . 14 . 29 . 23 Impact . | . . . . . . . . . . Slashing 51 | . . . . . 14 . 16 . 21 Piercing . | . . . . . . . . . . Sneak Attacks 25 | . 1 . 4 . 2 . 13 . 5 Combat Hostiles . | . . . . . . . . . . Follow-up Attacks . | . . . . . . . . . . Damage Inflicted 11793 | 211 1482 74 . 369 3334 1837 2686 . 1800 Guns 6869 | 211 1297 74 . 268 2964 830 966 . 259 Cannons 630 | . . . . . . . 127 . 503 Explosions 2589 | . 176 . . 101 182 1007 547 . 576 Melee 1692 | . . . . . 184 . 1046 . 462 Ramming 13 | . 9 . . . 4 . . . . Kinetic 7128 | 211 1022 74 . 268 2964 830 997 . 762 Thermal 196 | . 25 . . . . . 96 . 75 Explosive 2489 | . 151 . . 101 182 1007 547 . 501 Electromagnetic 275 | . 275 . . . . . . . . Impact . | . . . . . . . . . . Slashing 1692 | . . . . . 184 . 1046 . 462 Piercing . | . . . . . . . . . . Highest Corruption 2 | . 2 2 2 2 1 . . 1 1 Average Corruption 1 | . 2 2 2 2 1 . . 1 1 Corruption Purged 2 | . . . . . 1 . . . 1 Effects 58 | . 15 15 3 12 9 . . 1 3 Message Errors 19 | . 3 8 1 4 2 . . 1 . Heat Flow Errors 13 | . 3 4 . 6 . . . . . Energy Discharges 8 | . 4 1 1 1 . . . . 1 Data Loss (minor) 6 | . 2 . 1 1 1 . . . 1 Targeting Errors 8 | . 2 1 . . 5 . . . . Weapon Failures 4 | . 1 1 . . 1 . . . 1 Overload Shots . | . . . . . . . . . . Overflow Damage 475 | . . . . . 109 38 185 . 143 Projectiles . | . . . . . . . . . . Explosions 42 | . . . . . . 38 4 . . Melee 433 | . . . . . 109 . 181 . 143 Knockbacks 1 | . . . . . . . . . 1 Impact . | . . . . . . . . . . Kinetic 1 | . . . . . . . . . 1 Secondary . | . . . . . . . . . . Self-Inflicted Damage . | . . . . . . . . . . Shots . | . . . . . . . . . . Rammed 3 | . 1 . . . 1 . 1 . . Targets Rammed 3 | . 1 . . . 1 . 1 . . Kicked . | . . . . . . . . . . Crushed . | . . . . . . . . . . Highest Temperature 363 | . 363 230 . 262 120 25 114 . 60 Average Temperature 44 | . 61 96 . 86 24 10 29 . 20 Received Heat Transfer 1674 | . 156 . . 24 576 171 364 . 383 Effects 1 | . 1 . . . . . . . . Matter Decay 1 | . 1 . . . . . . . . Siege Activations . | . . . . . . . . . . Robots Corrupted . | . . . . . . . . . . Combat Hostiles . | . . . . . . . . . . Parts Fried . | . . . . . . . . . . Impact Corruptions . | . . . . . . . . . . Robots Melted . | . . . . . . . . . . Combat Hostiles . | . . . . . . . . . . Parts Melted 1 | . . . . . 1 . . . . Heat Transferred 200 | . . . . . . . 150 . 50 Parts Sabotaged . | . . . . . . . . . . Parts Stolen . | . . . . . . . . . . Parts Stripped . | . . . . . . . . . . Power Chain Reactions 1 | . 1 . . . . . . . . Missiles Intercepted . | . . . . . . . . . . Alert | -11 -10 -10 -10 -9 -8 -8 -8 -8 -6 ------- Run | Scr Mat Min Exi Min Mat Sto Gar Rec Fac Peak Influence 1467 | 35 247 46 . 243 536 735 1193 702 1467 Initial 1194 | . 22 46 . . 10 226 412 536 1194 Average 370 | 15 103 17 . 100 298 473 816 645 1305 Maximum Alert Level 4 | . 1 . . 1 2 3 4 3 4 Low Security (%) 48 | 100 98 100 . 92 29 . . . . Level 1 19 | . 1 . . 7 48 38 . . . Level 2 14 | . . . . . 22 58 26 61 . Level 3 7 | . . . . . . 2 63 38 . Level 4 9 | . . . . . . . 10 . 100 Level 5 . | . . . . . . . . . . High Security . | . . . . . . . . . . Max Security . | . . . . . . . . . . Squads Dispatched 30 | . 5 . . . 9 7 . . 9 Investigation 10 | . 2 . . . 5 1 . . 2 Extermination . | . . . . . . . . . . Reinforcement 7 | . 3 . . . 1 1 . . 2 Assault 6 | . . . . . . 1 . . 5 Garrison 7 | . . . . . 3 4 . . . Intercept . | . . . . . . . . . . Construction Impeded 2 | . . . . . . 1 . . 1 Haulers Reinforced . | . . . . . . . . . . Stealth | -11 -10 -10 -10 -9 -8 -8 -8 -8 -6 --------- Run | Scr Mat Min Exi Min Mat Sto Gar Rec Fac Distress Signals 10 | . 3 . . . 7 . . . . Communications Jammed . | . . . . . . . . . . Distress Signals . | . . . . . . . . . . Times Spotted 212 | . 37 . . 18 61 20 17 8 51 Peak Tracking Total 14 | . 4 . . 4 6 4 5 3 14 Tactical Retreats 11 | . 1 . . . 2 . 4 . 4 Traps | -11 -10 -10 -10 -9 -8 -8 -8 -8 -6 ------- Run | Scr Mat Min Exi Min Mat Sto Gar Rec Fac Traps Triggered 13 | . 4 . . . . 1 5 . 3 Indirectly . | . . . . . . . . . . Trap Hack Attempts 42 | . 42 . . . . . . . . Triggered . | . . . . . . . . . . Disarmed . | . . . . . . . . . . Reprogrammed 4 | . 4 . . . . . . . . Reused . | . . . . . . . . . . Traps Extracted . | . . . . . . . . . . Installed . | . . . . . . . . . . Triggered . | . . . . . . . . . . Machines | -11 -10 -10 -10 -9 -8 -8 -8 -8 -6 ---------- Run | Scr Mat Min Exi Min Mat Sto Gar Rec Fac Machines Disabled 9 | . 1 . . . 1 1 2 . 4 Max in Single Turn 3 | . 1 . . . 1 1 1 . 3 Garrison Access 2 | . . . . . . . . . 2 Machines Sabotaged . | . . . . . . . . . . Garrisons Compromised . | . . . . . . . . . . Overloaded Fab Kills . | . . . . . . . . . . Fab Network Shutdowns . | . . . . . . . . . . Hacking | -11 -10 -10 -10 -9 -8 -8 -8 -8 -6 --------- Run | Scr Mat Min Exi Min Mat Sto Gar Rec Fac Machines Accessed 43 | . 8 . 1 2 18 3 . 6 5 Terminals 26 | . 6 . . 1 11 1 . 4 3 Fabricators . | . . . . . . . . . . Repair Stations 3 | . 1 . . . 2 . . . . Recycling Units 6 | . 1 . . . 2 1 . 2 . Scanalyzers 3 | . . . . . 2 . . . 1 Garrison Access 3 | . . . . . 1 1 . . 1 Total Hacks 156 | . 25 . 1 7 79 10 . 23 11 Successful 91 | . 15 . 1 3 45 7 . 13 7 Failed 64 | . 10 . . 4 33 3 . 10 4 Catastrophic 8 | . . . . 1 5 . . 2 . Database Lockouts 1 | . . . . . 1 . . . . Manual 90 | . 15 . . 6 44 7 . 13 5 Terminals 92 | . 17 . . 6 43 2 . 17 7 Fabricators . | . . . . . . . . . . Repair Stations 14 | . 4 . . . 10 . . . . Recycling Units 22 | . 4 . . . 8 4 . 6 . Scanalyzers 16 | . . . . . 13 . . . 3 Garrison Access 10 | . . . . . 5 4 . . 1 Terminal Hacks 28 | . 5 . 1 3 10 . . 7 2 Record 2 | . . . 1 . 1 . . . . Part Schematic 5 | . . . . 1 1 . . 2 1 Robot Analysis 8 | . 3 . . 1 1 . . 3 . Prototype ID Bank 5 | . 1 . . . 3 . . 1 . Open Door 1 | . . . . 1 . . . . . Level Access Points 1 | . . . . . 1 . . . . Branch Access Points 1 | . . . . . 1 . . . . Terminal Index 3 | . 1 . . . 1 . . . 1 Unreport Threat 1 | . . . . . 1 . . . . Zone Layout 1 | . . . . . . . . 1 . Fabricator Hacks . | . . . . . . . . . . Repair Station Hacks 11 | . 4 . . . 7 . . . . Scan Component 6 | . 2 . . . 4 . . . . Repair 5 | . 2 . . . 3 . . . . Recycling Unit Hacks 6 | . 1 . . . 2 1 . 2 . Retrieve Matter 1 | . . . . . 1 . . . . Retrieve Components 5 | . 1 . . . 1 1 . 2 . Scanalyzer 12 | . . . . . 10 . . . 2 Insert Component 7 | . . . . . 5 . . . 2 Analyze 5 | . . . . . 5 . . . . Garrison Access Hacks 2 | . . . . . . 1 . . 1 Unlock Access 1 | . . . . . . 1 . . . Seal Access 1 | . . . . . . . . . 1 Unauthorized Hacks 32 | . 5 . . . 16 5 . 4 2 Terminals 20 | . 4 . . . 11 1 . 2 2 Track 2 | . . . . . 2 . . . . Botnet 16 | . 3 . . . 8 1 . 2 2 Operators 2 | . 1 . . . 1 . . . . Fabricators . | . . . . . . . . . . Repair Stations 1 | . . . . . 1 . . . . Mechanics 1 | . . . . . 1 . . . . Recycling Units 9 | . 1 . . . 3 3 . 2 . Reject 2 | . . . . . 1 1 . . . Recyclers 3 | . . . . . 1 1 . 1 . Mask 3 | . 1 . . . 1 1 . . . Tunnel 1 | . . . . . . . . 1 . Scanalyzers . | . . . . . . . . . . Garrison Access 2 | . . . . . 1 1 . . . Reprogram 2 | . . . . . 1 1 . . . Data Cores Recovered . | . . . . . . . . . . Used . | . . . . . . . . . . Hacking Detections 37 | . 7 . . 1 16 3 . 6 4 Full Trace Events 18 | . 3 . . 1 8 1 . 3 2 Feedback Events 3 | . . . . . 1 . . 1 1 Corruption 3 | . . . . . 1 . . 1 1 Feedback Blocked . | . . . . . . . . . . Robot Schematics Acquired . | . . . . . . . . . . Robots Built . | . . . . . . . . . . Matter . | . . . . . . . . . . Time . | . . . . . . . . . . Total Robot Build Rating . | . . . . . . . . . . Part Schematics Acquired 10 | . . . . 1 6 . . 2 1 Parts Built . | . . . . . . . . . . Matter . | . . . . . . . . . . Time . | . . . . . . . . . . Total Part Build Rating . | . . . . . . . . . . Parts Repaired 5 | . 2 . . . 3 . . . . Time 213 | . 52 . . . 161 . . . . Parts Recycled . | . . . . . . . . . . Recycled Matter . | . . . . . . . . . . Retrieved Matter . | . . . . . . . . . . Retrieved Components 22 | . 1 . . . 9 8 . 4 . Parts Scanalyzed 6 | . . . . . 5 . . . 1 Part Schematics Acquired 5 | . . . . . 5 . . . . Parts Damaged . | . . . . . . . . . . Bothacking | -11 -10 -10 -10 -9 -8 -8 -8 -8 -6 ------------ Run | Scr Mat Min Exi Min Mat Sto Gar Rec Fac Used RIF Installer . | . . . . . . . . . . Robots Hacked 7 | . 1 . 4 . . . . . 2 Non-combat 6 | . 1 . 3 . . . . . 2 Combat 1 | . . . 1 . . . . . . Robot Hacks Applied 7 | . 1 . 4 . . . . . 2 parse_system 4 | . . . 4 . . . . . . no_distress 1 | . 1 . . . . . . . . find_chute 2 | . . . . . . . . . 2 Relay Couplers Released 1 | . . . . . . . . . 1 Machine Destruction 1 | . . . . . . . . . 1 Robots Rewired 3 | . . . . . . . 3 . . Allies Hacked . | . . . . . . . . . . Hacks Repelled . | . . . . . . . . . . Allies | -11 -10 -10 -10 -9 -8 -8 -8 -8 -6 -------- Run | Scr Mat Min Exi Min Mat Sto Gar Rec Fac Total Allies 11 | . . 3 . 3 1 1 3 . . Largest Group 4 | . . 3 3 4 3 1 3 3 3 Highest-Rated Group 92 | . . 40 40 92 61 15 63 63 63 Highest-Rated Ally 31 | . . 16 16 31 31 15 21 21 21 Total Orders 3 | . . . . 2 1 . . . . STAY 2 | . . . . 1 1 . . . . FOLLOW 1 | . . . . 1 . . . . . Ally Attacks 129 | . . . . 38 14 7 12 44 14 Total Damage 2073 | . . . . 402 250 195 288 592 346 Kills 32 | . . . . 9 2 2 4 12 3 Allies Corrupted . | . . . . . . . . . . Allies Melted . | . . . . . . . . . . Intel | -11 -10 -10 -10 -9 -8 -8 -8 -8 -6 ------- Run | Scr Mat Min Exi Min Mat Sto Gar Rec Fac Robot Analysis Total 8 | . 3 . . 1 1 . . 3 . Derelict Logs Recovered 2 | . . 1 . 1 . . . . . Drone Launches . | . . . . . . . . . . Drone Recoveries . | . . . . . . . . . . Exploration | -11 -10 -10 -10 -9 -8 -8 -8 -8 -6 ------------- Run | Scr Mat Min Exi Min Mat Sto Gar Rec Fac Turns Passed 12516 | 128 2351 1095 393 1156 4329 459 1246 290 1069 Spaces Moved 5813 | 62 1046 600 214 579 1903 166 478 112 653 Core 315 | 62 236 . . . . . . . 17 Treads 5057 | . 810 600 214 579 1903 166 478 112 195 Legs . | . . . . . . . . . . Wheels . | . . . . . . . . . . Hover 441 | . . . . . . . . . 441 Flight . | . . . . . . . . . . Fastest Speed 50 | 50 100 180 180 180 177 197 177 200 50 Average Speed 176 | 92 160 180 180 180 193 197 197 200 128 Slowest Speed 260 | 100 200 180 180 180 205 197 240 200 260 Overloaded Moves . | . . . . . . . . . . Propulsion Burnouts . | . . . . . . . . . . Robots Hopped . | . . . . . . . . . . Cave-ins Triggered . | . . . . . . . . . . Exploration Rate (%) 60 | 4 99 97 64 99 98 25 67 33 21 Regions Visited 9 Branch Regions 5 Pre-discovered Areas 3 | . . . 1 1 . . . 1 . Known Exits Taken 3 | . 1 . . . 1 1 . . . Unknown Exits Taken 5 | 1 . 1 1 1 . . . 1 . Scrap Searched 3 | . . 1 . 2 . . . . . Spaces Dug 65 | . 6 . . . 12 12 21 . 14 Terrain Destroyed 271 | . 39 . . 14 24 47 55 . 92 Melee 24 | . . . . . 12 . . . 12 Projectile 23 | . 16 . . . . . . . 7 AOE 224 | . 23 . . 14 12 47 55 . 73 Terrain Rammed . | . . . . . . . . . . Walls Destroyed . | . . . . . . . . . . Machines Disabled . | . . . . . . . . . . Actions | -11 -10 -10 -10 -9 -8 -8 -8 -8 -6 --------- Run | Scr Mat Min Exi Min Mat Sto Gar Rec Fac Total 7336 | 95 1489 606 218 659 2357 247 680 179 806 Wait 685 | 1 192 2 . 26 233 44 73 66 48 Move 5803 | 61 1045 599 213 578 1902 166 475 111 653 Hop . | . . . . . . . . . . Pick Up 81 | 7 28 . . 8 21 5 7 1 4 Fast Attach 45 | 3 14 . . 2 6 . 8 . 12 Attach 28 | 2 2 . . . 5 . 2 . 17 Detach 10 | . 3 . . . 3 . . . 4 Swap 90 | . 22 . 1 8 36 4 13 . 6 Drop 100 | 1 17 . . 13 40 1 14 1 13 Fire 363 | 20 122 5 . 24 96 27 43 . 26 Melee 71 | . 1 . 4 . 14 . 29 . 23 Ram . | . . . . . . . . . . Kick . | . . . . . . . . . . Crush 3 | . 1 . . . 1 . 1 . . Escape Stasis 6 | . . . . . . . 6 . . Rewire 9 | . . . . . . . 9 . . Trap 42 | . 42 . . . . . . . . Miscellaneous . | . . . . . . . . . . Route ------- -11/Scrapyard -10/Materials (discovered 4 exits: *Mat x3 / *Min) -10/Mines (discovered 3 exits: *Mat x2 / *Exi) -10/Exiles (discovered 2 exits: *Min x2) -9/Mines (discovered 2 exits: *Mat x2) -8/Materials (discovered 5 exits: *Fac x3 / *Sto x2) -8/Storage -8/Garrison (discovered 3 exits: *Rec x3) -8/Recycling -6/Factory (discovered 1 exit: *Fac) History --------- Turn | Location | Event 11 | -11/Scrapyard | Discovered new exit (range 16) 129 | -11/Scrapyard | Entered Materials 279 | -10/Materials | Discovered new exit (range 8) 285 | -10/Materials | Identified exit to Mines 309 | -10/Materials | Build established: Mutant 603 | -10/Materials | Discovered new exit (range 5) 957 | -10/Materials | Discovered new exit (range 10) 1440 | -10/Materials | Discovered new exit (range 13) 1477 | -10/Materials | Repaired Assault Rifle 1505 | -10/Materials | Repaired Lgt. Treads 1696 | -10/Materials | Identified exit to Materials 2480 | -10/Materials | Entered Mines 2534 | -10/Mines | Discovered exit to Materials (range 7) 2618 | -10/Mines | Found a hidden stash of uninstalled traps 2884 | -10/Mines | Learned Materials security intel 2938 | -10/Mines | Assisted by bots powering up and referring to "LRC-V3" 2990 | -10/Mines | Discovered exit to Materials (range 5) 3466 | -10/Mines | A weapon hastily lodged in a ceiling crevice suddenly fell to the ground 3562 | -10/Mines | Deemed a non-threat by the Exiles lab entrance 3564 | -10/Mines | Discovered new exit (range 5) 3575 | -10/Mines | Entered Exiles 3575 | -10/Exiles | Accompanied by 3 allies 3599 | -10/Exiles | Discovered new exit (range 15) 3620 | -10/Exiles | Met 8R-AWN 3655 | -10/Exiles | Met EX-HEX 3739 | -10/Exiles | Met EX-DEC 3790 | -10/Exiles | Learned location of Zion (-6) 3821 | -10/Exiles | Met EX-BIN 3954 | -10/Exiles | Discovered new exit (range 10) 3968 | -10/Exiles | Entered Mines 3968 | -9/Mines | Accompanied by 3 allies 4147 | -9/Mines | Discovered new exit (range 5) 4306 | -9/Mines | Escorted by a lone wolf Derelict 4508 | -9/Mines | Assembled infested the area 4977 | -9/Mines | Discovered new exit (range 5) 5005 | -9/Mines | Met a Derelict who couldn't figure out how to use a Trap Extractor 5124 | -9/Mines | Entered Materials 5124 | -8/Materials | Accompanied by 3 allies 5124 | -8/Materials | Evolved 4 slots: Utility x4 5687 | -8/Materials | Build established: Scavenger-Mutant 5930 | -8/Materials | Discovered new exit (range 14) 5972 | -8/Materials | Identified exit to Storage 6374 | -8/Materials | Repaired Cmb. Airjet 6567 | -8/Materials | Garrison activated, responded to threat 6904 | -8/Materials | Discovered new exit (range 10) 7250 | -8/Materials | Build established: Mutant 7475 | -8/Materials | Garrison activated, responded to threat 7567 | -8/Materials | Identified exit to Factory 8364 | -8/Materials | Central database locked down 8880 | -8/Materials | Repaired Cmb. Airjet 8942 | -8/Materials | Repaired Broken Flak Gun 9332 | -8/Materials | Garrison activated, responded to threat 9453 | -8/Materials | Entered Storage 9540 | -8/Storage | Garrison activated, responded to threat 9554 | -8/Storage | Build established: Hauler-Mutant 9676 | -8/Storage | Garrison activated, responded to threat 9853 | -8/Storage | First assault squad dispatched 9912 | -8/Storage | Identified exit to Garrison 9912 | -8/Storage | Entered Garrison 9997 | -8/Garrison | Triggered checkpoint 10133 | -8/Garrison | Spotted B-75 Beast 10198 | -8/Garrison | Lost 3 parts (1p2n) 10258 | -8/Garrison | Discovered new exit (range 7) 10360 | -8/Garrison | Triggered checkpoint 10385 | -8/Garrison | Core integrity fell below 50% 10488 | -8/Garrison | Build established: Scavenger-Mutant 10662 | -8/Garrison | Attempted to access garrison exit controls, blocked by remote lockdown 10720 | -8/Garrison | Triggered checkpoint 10919 | -8/Garrison | Discovered new exit (range 12) 10941 | -8/Garrison | Attempted to access garrison exit controls, blocked by remote lockdown 11012 | -8/Garrison | Triggered checkpoint 11109 | -8/Garrison | Discovered new exit (range 8) 11158 | -8/Garrison | Entered Recycling 11158 | -8/Recycling | Accompanied by 3 allies 11167 | -8/Recycling | Spotter reported a threat 11174 | -8/Recycling | Spotter reported a threat 11182 | -8/Recycling | Spotter reported a threat 11189 | -8/Recycling | Spotter reported a threat 11189 | -8/Recycling | Spotter reported a threat 11193 | -8/Recycling | Spotter reported a threat 11201 | -8/Recycling | Spotter reported a threat 11217 | -8/Recycling | Spotter reported a threat 11246 | -8/Recycling | Spotter reported a threat 11253 | -8/Recycling | Spotter reported a threat 11262 | -8/Recycling | Spotter reported a threat 11278 | -8/Recycling | Spotter reported a threat 11279 | -8/Recycling | Spotter reported a threat 11279 | -8/Recycling | Spotter reported a threat 11326 | -8/Recycling | Spotter reported a threat 11326 | -8/Recycling | Spotter reported a threat 11326 | -8/Recycling | Spotter reported a threat 11331 | -8/Recycling | Spotter reported a threat 11344 | -8/Recycling | Discovered new exit (range 5) 11374 | -8/Recycling | Spotter reported a threat 11374 | -8/Recycling | Spotter reported a threat 11379 | -8/Recycling | Spotter reported a threat 11427 | -8/Recycling | Spotter reported a threat 11427 | -8/Recycling | Spotter reported a threat 11431 | -8/Recycling | Spotter reported a threat 11432 | -8/Recycling | Spotter reported a threat 11448 | -8/Recycling | Entered Factory 11448 | -6/Factory | Accompanied by 3 allies 11448 | -6/Factory | Evolved 4 slots: Utility x4 11595 | -6/Factory | Found Prototype Launcher 11612 | -6/Factory | Identified Rocket Array 11666 | -6/Factory | Spotted B-75 Beast 11701 | -6/Factory | Destroyed B-75 Beast 11731 | -6/Factory | Lost 3 parts (1n2u) 11838 | -6/Factory | Lost 3 parts (1p1u1w) 11990 | -6/Factory | Build established: Hauler-Mutant 12148 | -6/Factory | First assault squad dispatched 12266 | -6/Factory | Assembled infested ambush trap array 12327 | -6/Factory | Core integrity fell below 50% 12343 | -6/Factory | Core integrity fell below 20% 12367 | -6/Factory | Lost 8 parts (1p1n5u1w) 12407 | -6/Factory | Discovered new exit (range 16) 12416 | -6/Factory | Identified exit to Factory 12517 | -6/Factory | Destroyed by G-50 Soldier with Heavy Laser Last Messages --------------- 12475_ Acquired Lgt. Deuterium Engine. 12493_ Acquired Imp. Hacking Suite. 12496_ U-05 Engineer builds a Wall. 12498_ ALERT: Significant disruption in Zone 3S, assault forces dispatched. 12505_ Fusion Modulator explodes. 12505_ Imp. Gravmag System destroyed. 12505_ Lgt. Deuterium Engine destroyed. 12505_ ALERT: Garrison Access compromised, dispatching assault squad. 12505_ Garrison Access disabled. 12505_ Relay Coupler [Grunt] tumbles out of Garrison Access. 12505_ Imp. System Shield destroyed. 12505_ Katana destroyed. 12505_ K-01 Serf collects debris. 12508_ U-05 Engineer builds a Wall. 12508_ Lrg. Storage Unit destroyed. 12508_ System Shield destroyed. 12508_ Cmb. Airjet destroyed. 12508_ Dropped Hvy. Missile Launcher. 12509_ Imp. Actuator Array destroyed. 12509_ K-01 Serf collects debris. Map ----- +----------------------------------------------------+ | ?????????????????????????????????????????????????? | | ?????????????????????????????????????????????????? | | ?????????????????????????????????????????????????? | | ?????????????????????????????????????????????????? | | ?????????????????????????????????????????????????? | | ?????????????????????????????????????????????????? | | ?????????????????????????????????????????????????? | | ?????????????????????????????????????????????????? | | ?????????????????????????????????????????????????? | | ?????????????????????????????????????????????????? | | ?????????????????????????????????????????????????? | | ?????????????????????????????????????????????????? | | ?????????????????????????+#??????????????????????? | | ????????????????????????? ##### # ??????????????? | | ????????????????????????? "????????????? | | ????????????????????????? ????????????? | | ???????????????#????????? ???????????? | | ??????????????? "???????# ???????????? | | ????#!????????? """ ????+ ???????????? | | ????# ???????? """?????# ""???????????? | | ????# ??????? ?????# ?????????????? | | ####? ??????? !??????# #??????????????? | | ##? ?????? ??????# #??????????????? | | "" # # ###### ???????# #??????????????? | | "" # " ???????# #??????????????? | | "" = """""#######?#@ #??????????????? | | "G"" #?# #??????????????? | | ! " "" #?# ##??????????????? | | ! #?# #???????????????? | | +####^ ] #?# #???????????????? | | / ]]! ### #???????????????? | | # """]]""###+### #???????????????? | | ###"""""""""## l #???????????????? | | #???????????????? | | #####+########### g #???????????????? | | #???????????????# gg #???????????????? | | #???????????????# ######### #???????????????? | | #???????????????+ #???????? #???????????????? | | #???????????????# #????????? #???????????????? | | #???????????????# #????????? #???????????????? | | ##???????????????# #?????????? #???????????????? | | ?????????????????# #???????????#???????????????? | | ?????????????????# #???????????????????????????? | | ?????????????????# #???????????????????????????? | | ?????????????????# #???????????????????????????? | | ?????????????????# #???????????????????????????? | | ?????????????????# #???????????????????????????? | | ?????????????????? ????????????????????????????? | | ?????????????????????????????????????????????????? | | ?????????????????????????????????????????????????? | +----------------------------------------------------+ Best States ------------- Heat Dissipation 51 Energy Generation 18 Energy Capacity 265 Matter Stores 300 Matter Capacity 300 Sight Range 16 Terrain Scan Density 10 Armor Coverage 750 Resistance: KI 30 Resistance: EM 15 Core Shielding 20 Weapon Shielding 33 Evasion (%) 51 Recoil Reduction 2 Offensive Hacking 40 Defensive Hacking 22 Item Schematics ----------------- Hcp. Storage Unit | -9/Mines | Hacked System Shield | -8/Materials | Hacked Hacking Suite | -8/Materials | Scanalyzed Cmb. Airjet | -8/Materials | Scanalyzed Lrn. Tractor Beam | -8/Materials | Scanalyzed Flak Gun | -8/Materials | Scanalyzed Actuator Array | -8/Materials | Scanalyzed Hvy. Armor Plating | -8/Recycling | Hacked Med. Storage Unit | -8/Recycling | Hacked Imp. Gyrokinetic Inverter | -6/Factory | Hacked Robot Schematics ------------------ None Fabricated ------------ Nothing Alien Tech Used ----------------- None Achievements -------------- None Challenges ------------ None Game ------ Seed ProtonBackupBarrier Manual? 0 Play Time 01:41:19 Cumulative 402.2 hours Start 2021.07.16 @ 14:46:57 End 2021.07.16 @ 19:45:21 Sessions 5 Manual Loads 0 Difficulty Rogue Special Mode None Game No. 327 Rogue 327 Adventurer 0 Explorer 0 Win Type - Total 1 Types 0/0/0/1/0/0/0/0/0 Lore% 71 Gallery% 80 Achievement% 60 Wizard Run 0 Options --------- ASCII 0 Keyboard 1 Movement Numpad Keybinds 0 Fullscreen 1 Font 12/Terminus Map View 83x54 Tactical HUD 1 Map Filters NONE Filters NONE Steam 1 RUN: f3caa747-43e4-44c0-b839-98b4b68d9d12